 Dungeon Crawl Stone Soup version 0.31-a0-210-gccc998df9b (webtiles) character file.

Game seed: 13549160247459286236

353 qw the Shooter (level 6, -7/36 HPs)
             Began as a Gargoyle Hexslinger on June 29, 2023.
             Killed from afar by a white imp (8 damage)
             ... with a puff of frost
             ... summoned by Eustachio
             ... on level 4 of the Dungeon.
             The game lasted 00:01:26 (3218 turns).

qw the Shooter (Gargoyle Hexslinger)                Turns: 3218, Time: 00:01:26

Health: -7/36      AC: 10    Str: 11      XL:     6   Next: 62%
Magic:  7/7        EV: 10    Int: 13 (14) God:
Gold:   151        SH:  0    Dex: 14      Spells: 6/7 levels left

rFire   + . .        Y - +2 sling
rCold   . . .        (no shield)
rNeg    + . .        j - +0 ring mail
rPois   inf          (no helmet)
rElec   +            b - +0 cloak
rCorr   +            (no gloves)
SInv    .            (no boots)
Will    .....        i - amulet of the acrobat
Stlth   +            e - ring of protection from fire
HPRegen 0.26/turn    r - ring of resist corrosion
MPRegen 0.10/turn

%: acrobat
@: about to teleport
A: sickness immunity, AC +4, negative energy resistance 1, electricity
resistance, torment resistance 1, petrification resistance
a: no special abilities


You were on level 4 of the Dungeon.
You visited 1 branch of the dungeon, and saw 6 of its levels.

You collected 151 gold pieces.


Innate Abilities, Weirdness & Mutations

You are immune to sickness and miasma.
Your stone body is resilient. (AC +4)
You are immune to poison.
You resist negative energy. (rN+)
You are resistant to electric shocks. (rElec)
You are resistant to unholy torment.
You are immune to petrification.


   Skills:
 + Level 2.7 Fighting
 - Level 6.2 Ranged Weapons
 - Level 1.0 Armour
 - Level 1.5 Dodging
 - Level 1.0 Spellcasting
 - Level 2.6 Hexes


You had 6 spell levels left.
You knew the following spells:

 Your Spells              Type           Power      Damage    Failure   Level
a - Slow                  Hex            28%        N/A       22%         1

Your spell library contained the following spells:

 Spells                   Type           Power      Damage    Failure   Level
 Inner Flame              Hex/Fire       4%         N/A       75%         3
 Portal Projectile        Hex/Tloc       8%         N/A       75%         3
 Cause Fear               Hex            3%         N/A       91%         4

Inventory:

Hand Weapons
 Y - a +2 sling (weapon)
Armour
 b - a +0 cloak (worn)
 j - a +0 ring mail (worn)
Jewellery
 e - a ring of protection from fire (left hand)
 i - an amulet of the acrobat (around neck)
 r - a ring of resist corrosion (right hand)
Scrolls
 a - a scroll of identify
 f - a scroll of amnesia {unknown}
 l - a scroll of teleportation
Potions
 c - a potion of brilliance {unknown}
 d - a potion of mutation {unknown}
 g - a potion of cancellation {unknown}
 h - a potion of curing
 k - a potion of berserk rage {unknown}
 m - a potion of ambrosia {unknown}
 n - 2 potions of haste {unknown}
 o - a potion of might {unknown}

Dungeon Overview and Level Annotations

Branches:
Dungeon (6/15)
 Temple: D:4-7

Altars:
Sif Muna
Uskayaw

Shops:
D:3 (

Annotations:
D:4 Eustachio


Message History

The iron imp is heavily wounded.
The white imp gestures at you. The puff of frost misses you.
The puff of frost hits the iron imp.
The iron imp resists.
The quokka bites you but does no damage.
The rat bites you but does no damage. x2; The rat closely misses you.
The iron imp barely misses you.
You shoot a sling bullet. The sling bullet hits the iron imp.
The iron imp is almost dead.
The quokka bites you but does no damage.
The white imp gestures at you. The puff of frost misses you.
The puff of frost hits the iron imp.
The iron imp resists.
The iron imp dies!
The iron imp disappears in a puff of smoke!
Eustachio casts a spell.
Eustachio blinks!
The rat misses you. The rat closely misses you. The rat barely misses you.
The quokka barely misses you. The white imp hits you.
The white imp freezes you.
3216 ||| READING 2 scrolls of teleportation.
As you read the scroll of teleportation, it crumbles to dust.
You feel strangely unstable. The rat bites you but does no damage.
The rat closely misses you. The quokka bites you. The rat barely misses you.
The crimson imp hits you but does no damage.
The white imp hits you but does no damage.
You shoot a sling bullet.
The sling bullet barely misses the crimson imp.
The rat bites you. The quokka closely misses you. The rat closely misses you.
The rat barely misses you.
The white imp hits you but does no damage.
The crimson imp barely misses you.
You shoot a sling bullet.
The sling bullet barely misses the crimson imp.
The sling bullet misses Eustachio.
The quokka closely misses you. The rat bites you but does no damage.
The rat misses you. The rat barely misses you. The white imp gestures at you.
The puff of frost hits you!
You die...

####.#...#####
##....!...# ###
#.......#.#####
#####..##..#.+.._.
###.###.###.##.###.#
#.....@.###.##.# #.#
#........##....###'#
##r55...............
##@r....#..........
#r.r...............
#..................
........#........###
........#.........#.
#..........###.......
#[.........# ##.#....
.......###..###.#....
...#..#....


You could see Eustachio, a crimson imp (summoned), a white imp (summoned), a
quokka (summoned) and 3 rats.

Vanquished Creatures
  Grinder (D:3)
  A hound (D:4)
  4 adders
  A shadow imp (D:4)
  2 worms (D:3)
  3 dart slugs
  4 orcs (D:3)
  5 endoplasms
  3 giant cockroaches (D:1)
  5 goblins
  9 hobgoblins
  4 jackals (D:1)
  3 quokkas
  4 ball pythons
  4 bats
  5 frilled lizards
  10 kobolds
  15 rats
83 creatures vanquished.

Notes
Turn   | Place    | Note
-------+----------+-------------------------------------------
     0 | D:1      | qw the Gargoyle Hexslinger began the quest for the Orb.
     0 | D:1      | Reached XP level 1. HP: 12/12 MP: 2/2
     0 | D:1      | 0 ||| qw: Version: 0.3-a-24-ga2abf7b
     0 | D:1      | 0 ||| qw: Game counter: 6840
     0 | D:1      | 0 ||| qw: Melee chars always use a shield: true
     0 | D:1      | 0 ||| qw: God list: Okawaru
     0 | D:1      | 0 ||| qw: Allow faded altars: false
     0 | D:1      | 0 ||| qw: Do Orc after clearing Dungeon:15 true
     0 | D:1      | 0 ||| qw: Do second Lair branch before Depths: true
     0 | D:1      | 0 ||| qw: Lair rune preference: random
     0 | D:1      | 0 ||| qw: Goals: Normal
     0 | D:1      | 0 ||| PLANNING D:1-11
   100 | D:1      | Reached XP level 2. HP: 16/16 MP: 3/3
   231 | D:1      | Reached skill level 3 in Ranged Weapons
   556 | D:1      | Reached XP level 3. HP: 21/21 MP: 4/4
   861 | D:1      | 861 ||| UPGRADING to +0 ring mail.
   871 | D:1      | 871 ||| DROPPING +0 robe.
   872 | D:1      | 872 ||| UPGRADING to amulet of the acrobat.
   877 | D:1      | 877 ||| UPGRADING to ring of protection from fire.
   878 | D:1      | 878 ||| READING 2 scrolls labelled TUETUT FOUGAL.
   879 | D:1      | 879 ||| READING scroll labelled AXUDAVOREM.
   880 | D:1      | 880 ||| READING scroll labelled GUXTE PANIMOMO.
   881 | D:1      | 881 ||| READING 2 scrolls labelled VAWIAWNANK.
   885 | D:1      | 885 ||| DROPPING scroll of poison.
  1370 | D:2      | Reached XP level 4. HP: 26/26 MP: 5/5
  1504 | D:2      | 1504 ||| Stepping ~*~*~tactically~*~*~ (outnumbered).
  1506 | D:2      | 1506 ||| Stepping ~*~*~tactically~*~*~ (outnumbered).
  1511 | D:2      | Reached skill level 4 in Ranged Weapons
  1705 | D:2      | 1705 ||| UPGRADING to ring of resist corrosion.
  1706 | D:2      | 1706 ||| READING scroll labelled RADUTIDWOE.
  1807 | D:2      | 1807 ||| READING scroll labelled FEPOYV CO TOA.
  1808 | D:2      | 1808 ||| READING scroll labelled YRGHAOMNUOSI.
  1809 | D:2      | 1809 ||| READING scroll labelled JYJASABOST.
  1810 | D:2      | 1810 ||| DRINKING 2 glowing pink potions.
  1811 | D:2      | 1811 ||| DRINKING 2 smoky white potions.
  1812 | D:2      | 1812 ||| DRINKING 2 golden potions.
  1813 | D:2      | 1813 ||| READING 3 scrolls of identify.
  1813 | D:2      | 1813 ||| IDENTIFYING yellow potion
  1814 | D:2      | 1814 ||| READING 2 scrolls of identify.
  1814 | D:2      | 1814 ||| IDENTIFYING red potion
  1815 | D:2      | 1815 ||| DROPPING potion of degeneration.
  1816 | D:2      | 1816 ||| DROPPING potion of invisibility.
  1817 | D:2      | 1817 ||| DROPPING potion of attraction.
  1818 | D:2      | 1818 ||| DROPPING potion of lignification.
  1889 | D:3      | Reached skill level 1 in Armour
  2025 | D:3      | You fall into a shaft and drop 3 floors!
  2031 | D:6      | 2031 ||| READING scroll labelled JUATHU VEOC.
  2040 | D:5      | Entered Level 5 of the Dungeon
  2167 | D:4      | 2167 ||| UPGRADING to +0 cloak.
  2184 | D:3      | Reached XP level 5. HP: 30/30 MP: 6/6
  2190 | D:3      | Noticed Grinder
  2200 | D:3      | HP: 6/30 [Grinder/nerve-wracking pain (4)]
  2201 | D:3      | 2201 ||| READING 3 scrolls of teleportation.
  2477 | D:3      | Paralysed by Grinder for 2 turns
  2480 | D:3      | Killed Grinder
  2481 | D:3      | Reached skill level 6 in Ranged Weapons
  2481 | D:3      | Reached XP level 6. HP: 12/35 MP: 7/7
  2661 | D:3      | Found a shimmering blue altar of Sif Muna.
  2858 | D:3      | Found Zorr's Antique Weapon Boutique.
  2869 | D:3      | 2869 ||| SHOPLISTING runed shortbow (144 gold, have 105).
  2991 | D:3      | 2991 ||| READING scroll labelled ZAYQO UDARY.
  3108 | D:4      | Found a hide-covered altar of Uskayaw.
  3189 | D:4      | Noticed Eustachio
  3215 | D:4      | HP: 7/36 [white imp[Eustachio] (3)]
  3215 | D:4      | HP: 3/36 [white imp[Eustachio] (4)]
  3216 | D:4      | 3216 ||| READING 2 scrolls of teleportation.
  3217 | D:4      | HP: 1/36 [rat[Eustachio] (2)]
  3218 | D:4      | Killed from afar by a white imp

Levels and vault maps discovered:
D:1:      lightli_arrival_noodles, layout_basic, minmay_rat_gold_closets
D:2:      layout_basic, st_stairs_7, lexackson_kobold_supper
D:3:      layout_basic, mainiacjoe_overflow_boulevard, serial_shops, shop,
          uniq_grinder
D:4:      layout_cave_pools, lemuel_coloured_pillars_altar, lemuel_doored_altar,
          minivault_24, uniq_eustachio
D:5:      minmay_bubble_buster, layout_loops_ring,
          minmay_temple_entry_butterflies, minmay_misc_feat_encased,
          uniq_sigmund
D:6:      layout_cave_pools, grunt_gozag_breadcrumbs, kennysheep_generic_room_8

Skill      XL: |  1  2  3  4  5 |
---------------+----------------+-----
Ranged Weapons | 3 4 6 |  6.2
Fighting       | 2 |  2.7
Armour         | 1 |  1.0
Dodging        | |  1.5
Spellcasting   | |  1.0
Hexes          | |  2.6

Action                     |  1- 3 |  4- 6 || total
---------------------------+-------+-------++-------
   Fire: Sling             |   130 |   211 ||   341
    Use: Scroll            |     4 |    10 ||    14
         Potion            |       |     3 ||     3
 Armour: Robe              |     9 |       ||     9
         Ring mail         |    14 |    96 ||   110
  Dodge: Dodged            |    42 |    98 ||   140

Table legend:
 A = Non-vault XP
 B = Vault XP
 C = Vault XP percentage of total XP
 D = Non-vault monster count
 E = Vault monster count
 F = Vault count percentage of total count
                 A         B        C        D         E       F
            +---------+---------+-------+---------+---------+-------
      Total |     223 |     282 |  55.8 |      66 |      17 |  20.5
            +---------+---------+-------+---------+---------+-------
        D:1 |      38 |       7 |  15.6 |      22 |       7 |  24.1
        D:2 |      49 |      13 |  21.0 |      16 |       9 |  36.0
        D:3 |      60 |     262 |  81.4 |      20 |       1 |   4.8
        D:4 |      74 |       0 |   0.0 |       7 |       0 |   0.0
        D:5 |       2 |       0 |   0.0 |       1 |       0 |   0.0
            +---------+---------+-------+---------+---------+-------
